 Dungeon Crawl Stone Soup version 0.28-a0-1555-g9ae15a6949 (webtiles) character file.

Game seed: 2338468206937007333

9 Pin the Chopper (level 2, 26/26 HPs)
             Began as a Hill Orc Monk on Jan 19, 2022.
             Was a Believer of Sif Muna.
             Quit the game on level 1 of the Dungeon.
             The game lasted 00:00:37 (209 turns).

Pin the Chopper (Hill Orc Monk)                      Turns: 209, Time: 00:00:38

Health: 26/26      AC:  2    Str: 13    XL:     2   Next: 12%
Magic:  2/2        EV: 12    Int: 10    God:    Sif Muna [**....]
Gold:   22         SH:  0    Dex: 13    Spells: 1/1 levels left

rFire   . . .      SeeInvis .   a - +0 hand axe
rCold   . . .      Faith    .   (no shield)
rNeg    . . .      Spirit   .   b - +0 robe
rPois   .          Reflect  .   (no helmet)
rElec   .          Harm     .   (no cloak)
rCorr   .          Rampage  .   (no gloves)
Will    .....                   (no boots)
Stlth   ++........              (no amulet)
HPRegen 0.08/turn               (no ring)
MPRegen 0.08/turn               (no ring)

@: no status effects
A: no striking features
a: Renounce Religion, Channel Magic


You were on level 1 of the Dungeon.
You worshipped Sif Muna.
Sif Muna was pleased with you.
You visited 1 branch of the dungeon, and saw 1 of its levels.

You collected 22 gold pieces.

Inventory:

Hand Weapons
 a - a +0 hand axe (weapon)
Armour
 b - a +0 robe (worn)
Potions
 c - a potion of degeneration {unknown}


   Skills:
 - Level 3.6 Fighting
 - Level 4.0 Axes
 + Level 1.9 Armour
 - Level 2.4 Dodging
 - Level 1.5 Stealth


You had one spell level left.
You didn't know any spells.
Your spell library was empty.

Dungeon Overview and Level Annotations

Branches:
Dungeon (1/15)

Altars:
Sif Muna


Message History

You hit the dart slug.
You kill the dart slug!
You hit the rat.
You kill the rat!
You have reached level 2!
A giant cockroach is nearby!
You hit the giant cockroach but do no damage.
The giant cockroach closely misses you.
The giant cockroach bites you but does no damage.
You hit the giant cockroach.
The giant cockroach is heavily wounded.
The giant cockroach barely misses you.
You completely miss the giant cockroach.
The giant cockroach is heavily wounded.
The giant cockroach bites you but does no damage.
You barely miss the giant cockroach.
The giant cockroach is heavily wounded.
The giant cockroach misses you.
The giant cockroach bites you but does no damage.
You hit the giant cockroach.
You kill the giant cockroach!
No target in view!
No target in view!
You now have 22 gold pieces (gained 5).
A rat comes into view.
You closely miss the rat. The rat barely misses you.
You hit the rat.
You kill the rat!
You see here a rat corpse.
You see here a rat corpse.
Found a stone staircase leading down.
You see here a +2 mace of pain.
There is a stone staircase leading down here.
Found a faded altar of an unknown god.
There is a faded altar of an unknown god here.
You cannot tell which god this altar belongs to.
Convert to them anyway?
Sif Muna accepts your prayer! Sif Muna welcomes you!
You can now call upon Sif Muna for magical energy.
Are you sure you want to abandon this character and quit the game? (Confirm with "yes".)

#.#####.#..#
#.>...#.#..# #
#.###.#.#..#.#
#.###.#.#..#.#
#.#...#.#....#
#.#.###.#..###.#
#.#.......⌠....#
#.######...###.#
#........@.....#
##############


There were no monsters in sight!

Vanquished Creatures
  A dart slug (D:1)
  2 giant cockroaches (D:1)
  A hobgoblin (D:1)
  A bat (D:1)
  2 rats (D:1)
7 creatures vanquished.

Notes
Turn   | Place    | Note
-------+----------+-------------------------------------------
     0 | D:1      | Pin the Hill Orc Monk began the quest for the Orb.
     0 | D:1      | Reached XP level 1. HP: 19/19 MP: 1/1
    86 | D:1      | Reached skill level 1 in Armour
   140 | D:1      | Reached XP level 2. HP: 23/26 MP: 2/2
   203 | D:1      | Found a faded altar of an unknown god.
   208 | D:1      | Prayed at the altar of an unknown god.
   208 | D:1      | Became a worshipper of Sif Muna the Loreminder
   208 | D:1      | Reached * piety under Sif Muna
   208 | D:1      | Reached ** piety under Sif Muna
   209 | D:1      | Quit the game

Illustrated notes

Levels and vault maps discovered:
D:1:      minmay_arrival_diagonal_passages, layout_basic,
          ebering_ecumenical_altar_abandoned

Skill      XL: |  1 |
---------------+----+-----
Armour         | 1 |  1.9
Fighting       | |  3.6
Axes           | |  4.0
Dodging        | |  2.4
Stealth        | |  1.5

Action                   || total
-------------------------++-------
Melee: Hand axe          ||    21
Armor: Robe              ||    10
Dodge: Dodged            ||    15

Table legend: (Time is in decaauts)
 A = Elapsed time spent in this place.
 B = Non-inter-level travel time spent in this place.
 C = Inter-level travel time spent in this place.
 D = Time resting spent in this place.
 E = Time spent auto-exploring this place.
 F = Levels seen in this place.
 G = Mean time per level.
                   A        B        C        D        E       F      G
               +--------+--------+--------+--------+--------+-----+--------+
         Total |    211 |    211 |      0 |      0 |    148 |   1 |  211.0 |
       Dungeon |    211 |    211 |      0 |      0 |    148 |   1 |  211.0 |
               +--------+--------+--------+--------+--------+-----+--------+

Top non-repeatable levels by time:
     D:1: 211 daAuts
